 Dungeon Crawl Stone Soup version 0.30.1-11-g7821555f0a (webtiles) character file.

Game seed: 4658239707769822933

295 FinalFate the Cudgeller (level 6, -1/56 HPs)
             Began as a Minotaur Berserker on Jan 17, 2024.
             Was a Priest of Trog.
             Slain by an ogre
             ... wielding a +0 giant spiked club
              (22 damage)
             ... on level 5 of the Dungeon.
             The game lasted 00:10:43 (3032 turns).

FinalFate the Cudgeller (Minotaur Berserker)        Turns: 3032, Time: 00:10:44

Health: -1/56      AC:  5    Str: 24    XL:     6   Next: 11%
Magic:  5/5        EV: 11    Int:  4    God:    Trog [***...]
Gold:   136        SH:  0    Dex:  9    Spells: 5/5 levels left

rFire   + . .        e - +0 flail (heavy)
rCold   . . .        (no shield)
rNeg    . . .        s - +0 ring mail
rPois   .            (helmet restricted)
rElec   .            (no cloak)
rCorr   .            (no gloves)
SInv    .            (no boots)
Will    .....        (no amulet) Stlth
                     j - ring of protection from fire
HPRegen 0.29/turn    (no ring)
MPRegen 0.09/turn

%: no passive effects
@: hasted, very quick
A: horns 2, retaliatory headbutt
a: Renounce Religion, Berserk, Trog's Hand


You were on level 5 of the Dungeon.
You worshipped Trog.
Trog was most pleased with you.
You visited 1 branch of the dungeon, and saw 5 of its levels.

You collected 136 gold pieces.

Inventory:

Hand Weapons
 a - a +0 mace
 e - a +0 heavy flail (weapon)
Armour
 b - a +0 animal skin
 s - a +0 ring mail (worn)
Jewellery
 j - a ring of protection from fire (left hand)
 k - a ring of magical power
Scrolls
 i - a scroll of immolation
 n - a scroll of torment {unknown}
 o - 2 scrolls of blinking {unknown}
 p - a scroll of enchant armour {unknown}
 q - a scroll of silence
 r - 3 scrolls of brand weapon {unknown}
 t - a scroll of noise {unknown}
 u - a scroll of fog {unknown}
 w - a scroll of identify
Potions
 c - a potion of mutation
 d - a potion of might
 g - a potion of brilliance
 h - 2 potions of degeneration {unknown}
 l - a potion of magic {unknown}
 m - a potion of haste
 v - a potion of lignification


   Skills:
 * Level 5.0 Fighting
 * Level 6.1 Maces & Flails
 * Level 3.8 Armour
 * Level 3.6 Dodging


You had 5 spell levels left.
You didn't know any spells.
Your spell library was empty.

Dungeon Overview and Level Annotations

Branches:
Dungeon (5/15)
 Temple: D:4-7

Altars:


Innate Abilities, Weirdness & Mutations

You have a pair of horns on your head.
You reflexively headbutt those who attack you in melee.


Message History

An iguana comes into view.
The iguana hisses angrily.
There is an open door here.
The iguana bites you.
You hit the iguana.
The iguana is lightly wounded.
The iguana bites you but does no damage.
You barely miss the iguana. You headbutt the iguana!
The iguana is severely wounded.
The iguana bites you. The iguana barely misses you.
You bludgeon the iguana!!
You kill the iguana!
Trog accepts your kill.
No target in view!
HP restored.
You open the door.
There is an open door here.
An ogre comes into view. It is wielding a +0 giant spiked club.
Found an escape hatch in the ceiling.
The ogre hits you with a +0 giant spiked club!!
Ouch! That really hurt!
You are too injured to fight recklessly!
You are too injured to fight recklessly!
You feel much better.
The ogre hits you with a +0 giant spiked club!
You hit the ogre.
The ogre is lightly wounded.
The ogre barely misses you.
You thump the ogre!
The ogre is heavily wounded.
The ogre hits you with a +0 giant spiked club!!
Ouch! That really hurt!
* * * LOW HITPOINT WARNING * * *
You feel better. The ogre barely misses you.
You feel much better.
You feel yourself speed up.
The ogre hits you with a +0 giant spiked club!
There is an open door here.
The ogre hits you with a +0 giant spiked club!!
You die...

#....# #....#
#....#
#######....#
...........#
...........####
...........#..#
...........O..#
...<.......#@.#
.###########..#
.........#
.........#
.........# #
#######'##
....##..##..#
.......<....#
............#


You could see an ogre.

Vanquished Creatures
  An orc priest (D:4)
  2 iguanas
  An orc wizard (D:4)
  7 adders
  A white imp (D:4)
  A worm (D:2)
  11 orcs
  6 endoplasms
  9 giant cockroaches
  8 goblins
  10 hobgoblins
  2 quokkas
  8 ball pythons
  15 bats
  6 frilled lizards
  9 kobolds
  7 rats
104 creatures vanquished.

Notes
Turn   | Place    | Note
-------+----------+-------------------------------------------
     0 | D:1      | FinalFate the Minotaur Berserker began the quest for the
                  | Orb.
     0 | D:1      | Reached XP level 1. HP: 19/19 MP: 0/0
    99 | D:1      | Reached XP level 2. HP: 17/27 MP: 1/1
   140 | D:1      | Found a faded altar of an unknown god.
   214 | D:1      | Reached skill level 4 in Maces & Flails
   315 | D:1      | Reached ** piety under Trog
   405 | D:1      | Reached XP level 3. HP: 31/33 MP: 2/2
  1126 | D:2      | Reached XP level 4. HP: 23/41 MP: 3/3
  1481 | D:3      | Reached skill level 5 in Maces & Flails
  1544 | D:3      | Reached *** piety under Trog
  1844 | D:3      | Reached XP level 5. HP: 44/47 MP: 4/4
  2831 | D:4      | Reached skill level 5 in Fighting
  2831 | D:4      | Reached skill level 6 in Maces & Flails
  2831 | D:4      | Reached XP level 6. HP: 54/56 MP: 5/5
  2968 | D:5      | Entered Level 5 of the Dungeon
  3032 | D:5      | Slain by an ogre

Illustrated notes

Levels and vault maps discovered:
D:1:      reono_arrival_forest_river, layout_rooms,
          hellmonk_ecumenical_altar_pennies_from_heaven, minmay_statues_item,
          minmay_tiny_reverse_x
D:2:      minmay_angry_zag, layout_loops_ring
D:3:      layout_loops_ring, kennysheep_another_room,
          nicolae_figureground_sparkle
D:4:      layout_basic
D:5:      layout_gridville, tso_oasis_becter, minmay_temple_entry_slanted,
          uniq_crazy_yiuf_cottage

Skill      XL: |  1  2  3  4  5 |
---------------+----------------+-----
Fighting       | 4 5 |  5.0
Maces & Flails | 4 5 6 |  6.1
Armour         | 3 |  3.8
Dodging        | 3 |  3.6

Action                     |  1- 3 |  4- 6 || total
---------------------------+-------+-------++-------
  Melee: Mace              |   104 |   103 ||   207
         Headbutt          |    12 |    12 ||    24
         Punch             |       |     1 ||     1
         Flail             |       |    18 ||    18
 Invoke: Berserk           |       |     1 ||     1
    Use: Scroll            |       |     7 ||     7
         Potion            |       |     8 ||     8
 Armour: Animal skin       |    22 |     3 ||    25
         Ring mail         |       |    38 ||    38
         Skin              |       |    73 ||    73
  Dodge: Dodged            |    78 |    75 ||   153
